 Dungeon Crawl Stone Soup version 0.19-a0-1714-gcab94ab (webtiles) character file.

2151 Eucla the Cruncher (level 8, 0/70 HPs)
             Began as a Demigod Gladiator on Sept 28, 2016.
             Slain by a hound (2 damage)
             ... on level 6 of the Dungeon.
             The game lasted 00:08:29 (4588 turns).

Eucla the Cruncher (Demigod Gladiator)              Turns: 4588, Time: 00:08:30

Health: 0/70       AC: 12    Str: 20    XL:     8   Next: 84%
Magic:  10/10      EV: 11    Int: 12    God:
Gold:   337        SH:  0    Dex: 18    Spells: 0 memorised, 7 levels left

rFire  . . .     SeeInvis .     a - +1 quarterstaff
rCold  . . .     Gourm    .     e - +0 chain mail
rNeg   . . .     Faith    .     (shield currently unavailable)
rPois  +         Spirit   .     c - +1 helmet
rElec  .         Dismiss  .     (no cloak)
rCorr  .         Reflect  .     j - +0 pair of gloves
MR     +....     Harm     .     (no boots)
Stlth  .......... Clarity  +    (no amulet)
                                h - ring of poison resistance
                                (no ring)

@: no status effects
A: blink, clarity, high mp 1, magic resistance 1
a: Blink


You were on level 6 of the Dungeon.
You were not hungry.

You visited 1 branch of the dungeon, and saw 6 of its levels.
You also visited: Ossuary.

You collected 337 gold pieces.

Inventory:

Hand Weapons
 a - a +1 quarterstaff (weapon)
Missiles
 d - 4 throwing nets (quivered)
Armour
 b - a +0 leather armour
 c - a +1 helmet (worn)
 e - a +0 chain mail (worn)
 j - a +0 pair of gloves (worn)
 t - a +0 scale mail of magic resistance
Jewellery
 h - a ring of poison resistance (right hand)
Scrolls
 m - a scroll of remove curse
 s - a scroll of enchant armour
 u - a scroll of teleportation
 v - a scroll of identify
Potions
 g - 3 potions of curing
 i - 2 potions of berserk rage
 k - 2 potions of lignification
 l - a potion of agility
 n - a potion of brilliance
 o - 2 potions of cure mutation
 p - a potion of ambrosia
 q - a potion of flight
 r - 2 potions of degeneration {unknown}
 w - 2 potions of might
Comestibles
 f - 3 bread rations
 x - a meat ration


   Skills:
 + Level 5.7 Fighting
 * Level 8.2 Staves
 - Level 1.7 Throwing
 + Level 6.2 Dodging


You had 7 spell levels left.
You didn't know any spells.

Dungeon Overview and Level Annotations

Branches:
Dungeon (6/15)             Temple (0/1) D:5


Innate Abilities, Weirdness & Mutations

You have an increased reservoir of magic. (+10% MP)
You can translocate small distances at will.
You possess an exceptional clarity of mind.
You are resistant to hostile enchantments. (MR+)


Message History

* * * LOW HITPOINT WARNING * * *
You hear a bark!
You are too injured to fight recklessly!
You completely miss the ogre.
The ogre is moderately wounded.
The ogre hits you with a giant club!
* * * LOW HITPOINT WARNING * * *
You are too injured to fight recklessly!
You sock the ogre!
The ogre is severely wounded.
A hound comes into view.
Unknown command.
You closely miss the ogre.
The ogre is severely wounded.
The ogre hits you with a giant club!
* * * LOW HITPOINT WARNING * * *
The hound misses you.
Unknown command.
The hound bites you.
You die...

.. #..# ... ##.
###..### ..# . #..<
...... ... .# #.. #...#
... .####.. #...# #.#
.......###...# #.#
.#...........####.###.#
.#.###.)###..†.......#
.#.####.# #..#..@h####
....###.# #..#.##.#
.###.##.###..#.##O# .#
#.........>.....
.###.##(######....#[
#...###.# #..#.##.
##.## #.# #..#.. ..
...# #.# #..### .. #.##
#.# #. ..


You could see an ogre and a hound.

Vanquished Creatures
  The ghost of skewfiend the Cleaver, a novice HOFi (D:5)
  Pikel (D:5)
  Menkaure (D:5)
  Edmund (D:4)
  An ogre (D:5)
  A phantom (D:4)
  A centaur (D:5)
  A bullfrog (D:6)
  2 scorpions (D:6)
  A howler monkey (D:4)
  2 centaur zombies (Ossuary)
  2 crimson imps
  2 human zombies (Ossuary)
  A jelly (D:6)
  An orc priest (D:5)
  An iguana (D:5)
  2 worker ants
  2 mummies (Ossuary)
  A howler monkey skeleton (D:3)
  4 gnolls (D:5)
  3 adders
  An adder zombie (D:5)
  An adder skeleton (D:4)
  A worm (D:3)
  A dart slug (D:3)
  6 leopard geckos
  13 orcs
  2 ball pythons (D:4)
  6 giant cockroaches
  3 hobgoblins
  2 jackals (D:2)
  4 quokkas
  6 bats
  6 frilled lizards
  6 goblins
  A goblin zombie (Ossuary)
  10 hobgoblin zombies (Ossuary)
  3 jackal zombies (Ossuary)
  14 kobolds
  8 kobold zombies (Ossuary)
  9 orc zombies (Ossuary)
  5 rats
  A rat zombie (Ossuary)
141 creatures vanquished.

Vanquished Creatures (others)
  A crimson imp (D:5)
  An orc priest (D:5)
  An orc (D:5)
  A ball python skeleton (D:5)
4 creatures vanquished.

Grand Total: 145 creatures vanquished

Notes
Turn   | Place    | Note
-------+----------+-------------------------------------------
     0 | D:1      | Eucla the Demigod Gladiator began the quest for the Orb.
     0 | D:1      | Reached XP level 1. HP: 17/17 MP: 3/3
   214 | D:1      | Reached XP level 2. HP: 16/24 MP: 4/4
   477 | D:1      | Reached skill level 3 in Staves
   798 | D:2      | Reached XP level 3. HP: 30/30 MP: 5/5
  1803 | D:3      | Reached XP level 4. HP: 37/37 MP: 6/6
  2152 | D:4      | Found a sand-covered staircase.
  2190 | D:4      | Reached skill level 4 in Staves
  2243 | D:4      | Reached XP level 5. HP: 29/44 MP: 7/7
  2249 | Ossuary  | Entered an ossuary
  2576 | Ossuary  | Reached skill level 5 in Staves
  2576 | Ossuary  | Reached XP level 6. HP: 14/51 MP: 8/8
  2826 | D:4      | Found a sacrificial altar of Ru.
  3206 | D:5      | Entered Level 5 of the Dungeon
  3206 | D:5      | Noticed skewfiend's ghost (novice HOFi)
  3208 | D:5      | Noticed Edmund
  3249 | D:4      | Killed Edmund
  3513 | D:4      | Gained mutation: You possess an exceptional clarity of mind. [potion of mutation]
  3513 | D:4      | Gained mutation: You are resistant to hostile enchantments. (MR+) [potion of mutation]
  3513 | D:4      | Gained mutation: You can translocate small distances at will. [potion of mutation]
  3547 | D:5      | Killed skewfiend's ghost
  3547 | D:5      | Reached skill level 6 in Staves
  3547 | D:5      | Reached skill level 5 in Dodging
  3547 | D:5      | Reached XP level 7. HP: 45/60 MP: 9/9
  3561 | D:5      | Noticed Menkaure
  3568 | D:5      | Killed Menkaure
  3594 | D:5      | Reached skill level 7 in Staves
  3594 | D:5      | Reached XP level 8. HP: 5/67 MP: 10/10
  3957 | D:5      | Noticed Pikel
  3982 | D:5      | Killed Pikel
  3982 | D:5      | Reached skill level 5 in Fighting
  4012 | D:5      | Found a staircase to the Ecumenical Temple.
  4109 | D:5      | Reached skill level 8 in Staves
  4154 | D:5      | Found a white marble altar of Elyvilon.
  4587 | D:6      | HP: 2/70 [ogre/giant club (7)]
  4588 | D:6      | Slain by a hound

Vault maps used:
D:1:      dpeg_arrival_tiny_h, kennysheep_another_room
D:3:      first_bread
D:4:      enter_ossuary_1, nicolae_ru_great_annihilating_truth
D:5:      lemuel_tele_altar, uniq_crazy_yiuf_cottage, uniq_pikel, uniq_menkaure,
          uniq_edmund
D:6:      hangedman_decor_opposing
Ossuary:  ossuary_tomb_1

Skill      XL: |  1  2  3  4  5  6  7  8 |
---------------+-------------------------+-----
Fighting       | 2 3 4 5 |  5.7
Dodging        | 3 4 5 6 |  6.2
Staves         | 3 4 5 6 7 8 |  8.2
Throwing       | |  1.7

Action                   |  1- 3 |  4- 6 |  7- 9 || total
-------------------------+-------+-------+-------++-------
Melee: Quarterstaff      |   160 |   283 |   129 ||   572
 Abil: Blink             |       |     1 |       ||     1
  Use: Potion            |       |     4 |       ||     4
       Scroll            |       |    14 |     5 ||    19
 Stab: Paralysed         |       |     1 |       ||     1
  Eat: Meat ration       |     1 |       |       ||     1
       Bread ration      |       |     1 |     1 ||     2
       Fruit             |       |     1 |       ||     1
Armor: Chain mail        |   128 |   193 |    53 ||   374
       Leather armour    |     2 |       |       ||     2
Dodge: Dodged            |    94 |   176 |    79 ||   349
